MID
SOUTH BEND CUBS @ BINGHAMTON METS
06/10/2044
 
TOP OF THE 1ST
South Bend Cubs batting - Pitching for Binghamton Mets : LHP Andy Shearn
Pitching: LHP Andy Shearn
Batting: RHB Jason Ostrom 0-0: Called Strike
0-1: Ground out 5-3 (Groundball, 56S, EV 90.0 MPH)
Batting: RHB Mike Savage 0-0: Ball
1-0: Swinging Strike
1-1: Ball
2-1: Foul Ball, location: 2F
2-2: Strikes out swinging
Batting: LHB Mike DiNardo 0-0: Foul Ball, location: 2F
0-1: Foul Ball, location: 2F
0-2: Ball
1-2: Ball
2-2: Foul Ball, location: 2F
2-2: Foul Ball, location: 2F
2-2: Ball
3-2: Ground out 5-3 (Groundball, 6, EV 109.4 MPH)
Top of the 1st over - 0 runs, 0 hits, 0 errors, 0 left on base; South Bend 0 - Binghamton 0
BOTTOM OF THE 1ST
Binghamton Mets batting - Pitching for South Bend Cubs : LHP Jose Carrillo
Pitching: LHP Jose Carrillo
Batting: RHB Jake Hansford 0-0: Called Strike
0-1: Called Strike
0-2: Ball
1-2: Strikes out swinging
Batting: RHB Steve Dunaway 0-0: Ball
1-0: Ball
2-0: Foul Ball, location: 2F
2-1: Called Strike
2-2: Ground out 5-3 (Groundball, 56, EV 80.6 MPH)
Batting: RHB Andy Solorzano 0-0: Fly out, F3 (Popup, 3SF, EV 76.9 MPH)
Bottom of the 1st over - 0 runs, 0 hits, 0 errors, 0 left on base; South Bend 0 - Binghamton 0
TOP OF THE 2ND
South Bend Cubs batting - Pitching for Binghamton Mets : LHP Andy Shearn
Batting: SHB Benoît Morin 0-0: Fly out, F9 (Flyball, 9LM, EV 96.9 MPH)
Batting: LHB Bill Tardiff 0-0: Foul Ball, location: 2F
0-1: Ball
1-1: Ground out 4-3 (Groundball, 4, EV 81.9 MPH)
Batting: LHB Jim Polson 0-0: SINGLE (Groundball, 23, EV 66.9 MPH) (infield hit)
Batting: RHB Omar Novoa 0-0: Ball
1-0: Ground out 6-3 (Groundball, 6S, EV 71.3 MPH)
Top of the 2nd over - 0 runs, 1 hit, 0 errors, 1 left on base; South Bend 0 - Binghamton 0
BOTTOM OF THE 2ND
Binghamton Mets batting - Pitching for South Bend Cubs : LHP Jose Carrillo
Batting: RHB Chris Nelson 0-0: Ball
1-0: Ball
2-0: Swinging Strike
2-1: Foul Ball, location: 2F
2-2: Ball
3-2: Foul Ball, location: 2F
3-2: Base on Balls
Batting: RHB Shawn Mathews 0-0: Called Strike
0-1: Foul Ball, location: 2F
0-2: Ball
1-2: Ball
2-2: Strikes out looking
Batting: RHB Joe Kooyers 0-0: Ball
1-0: Ground out U3 (Groundball, 3S, EV 88.8 MPH)
Chris Nelson to second
Batting: LHB Nate Trahan 0-0: Ball
1-0: SINGLE (Groundball, 4MD, EV 98.1 MPH)
Chris Nelson to third
Runner from 3rd tries for Home, SAFE, throw by CF to home
Pitching: RHP Daniel Sullivan
Batting: RHB Matt Skipper 0-0: Called Strike
0-1: SINGLE (Line Drive, 8RS, EV 105.0 MPH)
Nate Trahan to second
Runner from 2nd tries for 3rd, OUT! 8-5
Bottom of the 2nd over - 1 run, 2 hits, 0 errors, 1 left on base; South Bend 0 - Binghamton 1
TOP OF THE 3RD
South Bend Cubs batting - Pitching for Binghamton Mets : LHP Andy Shearn
Batting: RHB John Madden 0-0: Called Strike
0-1: Swinging Strike
0-2: Ball
1-2: Ground out 4-3 (Groundball, 4, EV 86.3 MPH)
Batting: SHB Alvaro Andrade 0-0: Called Strike
0-1: Foul Ball, location: 2F
0-2: Foul Ball, location: 2F
0-2: Foul Ball, location: 2F
0-2: Ball
1-2: Strikes out swinging
Batting: RHB Jason Ostrom 0-0: Ball
1-0: Called Strike
1-1: Fly out, F8 (Flyball, 8LD, EV 108.1 MPH)
Top of the 3rd over - 0 runs, 0 hits, 0 errors, 0 left on base; South Bend 0 - Binghamton 1
BOTTOM OF THE 3RD
Binghamton Mets batting - Pitching for South Bend Cubs : RHP Daniel Sullivan
Batting: LHB Elmo Dreier 0-0: Ground out U3 (Groundball, 13, EV 77.5 MPH)
Batting: RHB Jake Hansford 0-0: Called Strike
0-1: Foul Ball, location: 2F
0-2: DOUBLE (Groundball, 5L, EV 101.3 MPH)
Batting: RHB Steve Dunaway 0-0: Called Strike
Jake Hansford steals 3rd base
0-1: 2-RUN HOME RUN (Flyball, 78XD, EV 101.9 MPH), Distance : 387 ft
Batting: RHB Andy Solorzano 0-0: Ball
1-0: Ball
2-0: Called Strike
2-1: Ball
3-1: Foul Ball, location: 2F
3-2: Base on Balls
Batting: RHB Chris Nelson 0-0: Ball
1-0: Ball
2-0: Ball
3-0: Foul Ball, location: 2F
3-1: Base on Balls
Andy Solorzano to second
Pitching: RHP Jason Scott
Batting: RHB Shawn Mathews 0-0: Fielders Choice at 2nd, 5-4 (Groundball, 56, EV 108.1 MPH)
Andy Solorzano to third
Batting: RHB Joe Kooyers 0-0: Called Strike
0-1: Ball
1-1: Ball
2-1: SINGLE (Flyball, 5D, EV 93.1 MPH)
Andy Solorzano scores
Shawn Mathews to second
Batting: LHB Nate Trahan 0-0: Foul Ball, location: 2F
0-1: Swinging Strike
0-2: Foul Ball, location: 2F
0-2: Ball
1-2: Ball
2-2: Ball
3-2: Foul Ball, location: 2F
3-2: Base on Balls
Shawn Mathews to third
Joe Kooyers to second
Batting: RHB Matt Skipper 0-0: Swinging Strike
0-1: Ball
1-1: Foul Ball, location: 2F
1-2: Foul Ball, location: 2F
1-2: Strikes out swinging
Bottom of the 3rd over - 3 runs, 3 hits, 0 errors, 3 left on base; South Bend 0 - Binghamton 4
TOP OF THE 4TH
South Bend Cubs batting - Pitching for Binghamton Mets : LHP Andy Shearn
Batting: RHB Mike Savage 0-0: Called Strike
0-1: Ball
1-1: Ball
2-1: Foul Ball, location: 2F
2-2: Ball
3-2: Ground out 4-3 (Groundball, 4, EV 88.1 MPH)
Batting: LHB Mike DiNardo 0-0: Called Strike
0-1: Ball
1-1: Foul Ball, location: 2F
1-2: Foul Ball, location: 2F
1-2: Fly out, F8 (Flyball, 8RS, EV 87.5 MPH)
Batting: SHB Benoît Morin 0-0: Ground out 3-1 (Groundball, 34, EV 90.0 MPH)
Top of the 4th over - 0 runs, 0 hits, 0 errors, 0 left on base; South Bend 0 - Binghamton 4
BOTTOM OF THE 4TH
Binghamton Mets batting - Pitching for South Bend Cubs : RHP Jason Scott
Pitching: RHP Eric Allen
Batting: LHB Elmo Dreier 0-0: SINGLE (Line Drive, 6D, EV 104.4 MPH)
Batting: RHB Jake Hansford 0-0: Ball
Elmo Dreier steals 2nd base (no throw)
1-0: Foul Ball, location: 2F
1-1: Foul Ball, location: 2F
1-2: Fly out, F5 (Popup, 56S, EV 79.4 MPH)
Batting: RHB Steve Dunaway 0-0: Called Strike
Elmo Dreier steals 3rd base
0-1: Foul Ball, location: 2F
0-2: Ball
1-2: Foul Ball, location: 2F
1-2: Foul Ball, location: 2F
1-2: Strikes out swinging
Batting: RHB Andy Solorzano 0-0: Ball
1-0: SINGLE (Line Drive, 78M, EV 89.4 MPH)
Elmo Dreier scores
Batting: RHB Chris Nelson 0-0: Called Strike
0-1: 2-RUN HOME RUN (Flyball, 9D, EV 96.3 MPH), Distance : 370 ft
Batting: RHB Shawn Mathews 0-0: Ball
1-0: DOUBLE (Line Drive, 3D, EV 95.0 MPH)
Batting: RHB Joe Kooyers 0-0: Called Strike
0-1: Ball
1-1: Ball
2-1: Ball
3-1: Called Strike
3-2: Base on Balls
Pitching: RHP Jean-Paul Lefebvre
Batting: LHB Nate Trahan 0-0: Called Strike
0-1: Foul Ball, location: 2F
0-2: Foul Ball, location: 2F
0-2: Ball
1-2: Ball
2-2: Strikes out swinging
Bottom of the 4th over - 3 runs, 4 hits, 0 errors, 2 left on base; South Bend 0 - Binghamton 7
TOP OF THE 5TH
South Bend Cubs batting - Pitching for Binghamton Mets : LHP Andy Shearn
Batting: LHB Bill Tardiff 0-0: Ball
1-0: SINGLE (Groundball, 4MD, EV 105.0 MPH)
Batting: LHB Jim Polson 0-0: Ball
1-0: Ball
Bill Tardiff steals 2nd base
2-0: Fly out, F8 (Line Drive, 8LM, EV 110.0 MPH)
Batting: RHB Omar Novoa 0-0: Ball
1-0: Called Strike
1-1: Called Strike
Bill Tardiff steals 3rd base
1-2: Ball
2-2: Fly out, F7 (Flyball, 7S, EV 79.4 MPH)
Batting: RHB John Madden 0-0: Ball
1-0: Fly out, F7 (Flyball, 78D, EV 105.0 MPH)
Top of the 5th over - 0 runs, 1 hit, 0 errors, 1 left on base; South Bend 0 - Binghamton 7
BOTTOM OF THE 5TH
Binghamton Mets batting - Pitching for South Bend Cubs : RHP Jean-Paul Lefebvre
Batting: RHB Matt Skipper 0-0: Called Strike
0-1: Ball
1-1: Foul Ball, location: 2F
1-2: Ball
2-2: Reached via error on a dropped throw from SS, E3 (Groundball, 6, EV 93.8 MPH)
Batting: LHB Elmo Dreier 0-0: Ball
1-0: Ball
2-0: Reached on error, E4 (Groundball, 4, EV 81.3 MPH)
Matt Skipper to second
Batting: RHB Jake Hansford 0-0: Called Strike
0-1: Ball
1-1: Fly out, F7 (Flyball, 7S, EV 76.9 MPH)
Batting: RHB Steve Dunaway 0-0: Foul Ball, location: 2F
0-1: Foul Ball, location: 2F
0-2: Strikes out swinging
Pitching: RHP Josh Deyo
Batting: RHB Andy Solorzano 0-0: Ball
1-0: 3-RUN HOME RUN (Flyball, 78XD, EV 96.9 MPH), Distance : 385 ft
Batting: RHB Chris Nelson 0-0: Called Strike
0-1: Swinging Strike
0-2: Ball
1-2: Ball
2-2: Strikes out swinging
Bottom of the 5th over - 3 runs, 1 hit, 2 errors, 0 left on base; South Bend 0 - Binghamton 10
TOP OF THE 6TH
South Bend Cubs batting - Pitching for Binghamton Mets : LHP Andy Shearn
Batting: SHB Alvaro Andrade 0-0: Foul Ball, location: 2F
0-1: Foul Ball, location: 2F
0-2: Strikes out swinging
Batting: RHB Jason Ostrom 0-0: Ball
1-0: Foul Ball, location: 2F
1-1: Ball
2-1: Swinging Strike
2-2: Foul Ball, location: 2F
2-2: Ball
3-2: Fly out, F8 (Flyball, 89XD, EV 101.9 MPH)
Batting: RHB Mike Savage 0-0: Ground out 4-3 (Groundball, 4, EV 77.5 MPH)
Top of the 6th over - 0 runs, 0 hits, 0 errors, 0 left on base; South Bend 0 - Binghamton 10
BOTTOM OF THE 6TH
Binghamton Mets batting - Pitching for South Bend Cubs : RHP Josh Deyo
Batting: RHB Shawn Mathews 0-0: Called Strike
0-1: Swinging Strike
0-2: Ball
1-2: Ball
2-2: Strikes out swinging
Batting: RHB Joe Kooyers 0-0: SINGLE (Groundball, 56D, EV 102.5 MPH)
Batting: LHB Nate Trahan 0-0: Called Strike
0-1: Ball
1-1: Foul Ball, location: 2F
1-2: Ball
2-2: Ball
3-2: 2-RUN HOME RUN (Flyball, 89XD, EV 96.3 MPH), Distance : 388 ft
Pitching: LHP Shuan-yan Wu
Batting: RHB Matt Skipper 0-0: Ball
1-0: Ball
2-0: Foul Ball, location: 2F
2-1: Ground out 1-3 (Groundball, P, EV 75.6 MPH)
Batting: LHB Elmo Dreier 0-0: Ball
1-0: Fly out, F7 (Flyball, 7LM, EV 90.0 MPH)
Bottom of the 6th over - 2 runs, 2 hits, 0 errors, 0 left on base; South Bend 0 - Binghamton 12
TOP OF THE 7TH
South Bend Cubs batting - Pitching for Binghamton Mets : LHP Andy Shearn
Pinch Hitting: LHB Andy Bordeaux 0-0: Called Strike
0-1: Ball
1-1: Ball
2-1: Called Strike
2-2: Ball
3-2: Foul Ball, location: 2F
3-2: Base on Balls
Batting: SHB Benoît Morin 0-0: Ball
1-0: Called Strike
1-1: Called Strike
1-2: Ball
2-2: Foul Ball, location: 2F
2-2: Strikes out swinging
Batting: LHB Bill Tardiff 0-0: Called Strike
0-1: Ball
1-1: Called Strike
1-2: Ball
2-2: Ball
Andy Bordeaux steals 2nd base (no throw)
3-2: Ground out U3 (Groundball, 3, EV 89.4 MPH)
Andy Bordeaux to third
Batting: LHB Jim Polson 0-0: Called Strike
0-1: Foul Ball, location: 2F
0-2: Ball
1-2: Ground out 3-1 (Groundball, 34S, EV 91.9 MPH)
Top of the 7th over - 0 runs, 0 hits, 0 errors, 1 left on base; South Bend 0 - Binghamton 12
BOTTOM OF THE 7TH
Binghamton Mets batting - Pitching for South Bend Cubs : LHP Shuan-yan Wu
Now at 1B: Andy Bordeaux
Batting: RHB Jake Hansford 0-0: Ball
1-0: Ball
2-0: Ball
3-0: Base on Balls
Batting: RHB Steve Dunaway 0-0: Grounds into double play, 5-4-3 (Groundball, 56S, EV 79.4 MPH)
Batting: RHB Andy Solorzano 0-0: Called Strike
0-1: Foul Ball, location: 2F
0-2: Strikes out swinging
Bottom of the 7th over - 0 runs, 0 hits, 0 errors, 0 left on base; South Bend 0 - Binghamton 12
TOP OF THE 8TH
South Bend Cubs batting - Pitching for Binghamton Mets : LHP Andy Shearn
Batting: RHB Omar Novoa 0-0: Called Strike
0-1: DOUBLE (Line Drive, 8RD, EV 106.3 MPH)
Batting: RHB John Madden 0-0: Ball
1-0: DOUBLE (Line Drive, 78D, EV 111.3 MPH)
Omar Novoa scores
Pitching: LHP Matt Allert
Batting: SHB Alvaro Andrade 0-0: Swinging Strike
0-1: Swinging Strike
0-2: Strikes out swinging
Batting: RHB Jason Ostrom 0-0: Ground out 5-3 (Groundball, 56S, EV 80.0 MPH)
Batting: RHB Mike Savage 0-0: Ball
1-0: Ground out 5-3 (Groundball, 56S, EV 92.5 MPH)
Top of the 8th over - 1 run, 2 hits, 0 errors, 1 left on base; South Bend 1 - Binghamton 12
BOTTOM OF THE 8TH
Binghamton Mets batting - Pitching for South Bend Cubs : LHP Shuan-yan Wu
Batting: RHB Chris Nelson 0-0: SINGLE (Groundball, 3D, EV 101.9 MPH)
Batting: RHB Shawn Mathews 0-0: Foul Ball, location: 2F
0-1: SINGLE (Flyball, 56D, EV 90.0 MPH)
Chris Nelson to second
Batting: RHB Joe Kooyers 0-0: Foul Ball, location: 2F
0-1: Fielders Choice at 2nd, 3-6 (Groundball, 34S, EV 83.8 MPH)
Chris Nelson to third
Batting: LHB Nate Trahan 0-0: Foul Ball, location: 2F
0-1: Fielders Choice at 2nd, 3-6 (Groundball, 34, EV 85.0 MPH)
Chris Nelson scores
Batting: RHB Matt Skipper 0-0: DOUBLE (Groundball, 3L, EV 107.5 MPH)
Nate Trahan to third
Runner from 3rd tries for Home, throw by RF and OUT! 9-4-2
Bottom of the 8th over - 1 run, 3 hits, 0 errors, 1 left on base; South Bend 1 - Binghamton 13
TOP OF THE 9TH
South Bend Cubs batting - Pitching for Binghamton Mets : LHP Matt Allert
Batting: LHB Andy Bordeaux 0-0: Ball
1-0: Ball
2-0: Called Strike
2-1: SINGLE (Groundball, 13S, EV 66.9 MPH) (infield hit)
Batting: SHB Benoît Morin 0-0: Ball
1-0: Ball
2-0: Called Strike
2-1: Foul Ball, location: 2F
2-2: Foul Ball, location: 2F
2-2: Foul Ball, location: 2F
2-2: Foul Ball, location: 2F
2-2: Foul Ball, location: 2F
2-2: Grounds into double play, 6-4-3 (Groundball, 56, EV 81.3 MPH)
Batting: LHB Bill Tardiff 0-0: Ball
1-0: Swinging Strike
1-1: Foul Ball, location: 2F
1-2: Strikes out swinging
Top of the 9th over - 0 runs, 1 hit, 0 errors, 0 left on base; South Bend 1 - Binghamton 13
Thursday, March 31st , 2022 - OOTP Baseball 22.12 Build 89